 Dungeon Crawl Stone Soup version 0.23.2-1-ga50397a (webtiles) character file.

Game seed: 2366691737890458293

889 kae the Transmogrifier (level 7, 0/48 HPs)
             Began as a Demonspawn Transmuter on Apr 15, 2019.
             Slain by Menkaure (16 damage)
             ... on level 6 of the Dungeon.
             The game lasted 00:04:42 (6048 turns).

kae the Transmogrifier (Demonspawn Transmuter)      Turns: 6048, Time: 00:04:42

Health: 0/48       AC:  2    Str: 11    XL:     7   Next: 77%
Magic:  8/10       EV: 19    Int: 14    God:
Gold:   200        SH:  0    Dex: 20    Spells: 4/10 levels left

rFire    . . .     SeeInvis .     - Unarmed
rCold    . . .     Gourm    .   (shield currently unavailable)
rNeg     . . .     Faith    .   (armour currently unavailable)
rPois    x         Spirit   .   (helmet currently unavailable)
rElec    .         Reflect  .   (cloak currently unavailable)
rCorr    .         Harm     .   (gloves currently unavailable)
MR       .....                  (boots currently unavailable)
Stlth    ++........             (no amulet)
HPRegen  0.16/turn              (no ring)
MPRegen  0.12/turn              (no ring)

@: spider-form
A: tiny, powered by pain 1
a: End Transformation


You were on level 6 of the Dungeon.
You were not hungry.
You were a venomous arachnid creature.
You visited 2 branches of the dungeon, and saw 7 of its levels.

You collected 248 gold pieces.
You spent 48 gold pieces at shops.

Inventory:

Hand Weapons
 i - a +3 dagger of electrocution (melded)
Missiles
 a - 83 arrows
Armour
 b - a +0 robe (melded)
 l - a scarf of spirit shield (melded)
Jewellery
 j - an uncursed ring of stealth
 k - an uncursed amulet of harm
Scrolls
 e - a scroll of identify
 f - 2 scrolls of fog
 h - a scroll of amnesia
 p - 3 scrolls of remove curse
 q - a scroll of enchant weapon
 r - a scroll of enchant armour
Potions
 c - a potion of haste
 g - a potion of invisibility
 o - a potion of agility
Comestibles
 d - 6 rations


   Skills:
 - Level 1.0 Fighting
 - Level 1.7 Dodging
 - Level 2.6 Unarmed Combat
 - Level 2.0 Spellcasting
 + Level 8.3 Transmutations


You had 4 spell levels left.
You knew the following spells:

 Your Spells              Type           Power        Failure   Level  Hunger
a - Beastly Appendage     Tmut           ###...       4%          1    ##.....
b - Sticks to Snakes      Tmut           ###.....     5%          2    ###....
c - Spider Form           Tmut/Pois      ##........   30%         3    ####...

Your spell library contained the following spells:

 Spells                   Type           Power        Failure   Level  Hunger
 Ice Form                 Ice/Tmut       ##......     61%         4    #####..
 Blade Hands              Tmut           ###.......   43%         5    ######.


Dungeon Overview and Level Annotations

Branches:
Dungeon (6/15)             Temple (1/1) D:5

Altars:
Ashenzari
Cheibriados
Dithmenos
Elyvilon
Fedhas
Gozag
Hepliaklqana
Kikubaaqudgha
Makhleb
Qazlal
Ru
Sif Muna
Vehumet
Wu Jian
Xom
The Shining One

Shops:
D:5 *

Annotations:
D:6 Menkaure


Innate Abilities, Weirdness & Mutations

((You have sharp fingernails.))
((You have sharp toenails.))
You sometimes gain a little power by taking damage.


Message History

Menkaure calls on the powers of darkness!
Your body is wracked with pain!
Menkaure's bandages flutter.
Menkaure closely misses you.
You hit Menkaure.
Menkaure is lightly damaged.
Menkaure calls on the powers of darkness!
Your body is wracked with pain!
* * * LOW HITPOINT WARNING * * *
You hit Menkaure but do no damage.
Menkaure is lightly damaged.
Menkaure completely misses you.
You hit Menkaure.
Menkaure is lightly damaged.
Menkaure barely misses you.
You feel better. Menkaure closely misses you.
You hit Menkaure.
Menkaure is moderately damaged.
Menkaure hits you!
You die...

#.# #.# #.#
#.# #.# #.#
#.# #.# #s#
+.....M.....+
####.#.....##
#.##.##.# .
.. # ## ...
###


You could see Menkaure.

Vanquished Creatures
  An ice beast (D:5)
  A centaur (D:5)
  An ogre (D:4)
  A phantom (D:4)
  A scorpion (D:3)
  2 howler monkeys (D:4)
  A centaur zombie (D:5)
  A jelly (D:5)
  3 orc wizards
  3 worker ants (D:5)
  A hound zombie (D:5)
  7 gnolls
  4 adders
  A shadow imp (D:5)
  3 worms
  3 dart slugs
  3 leopard geckos
  4 orcs
  6 bats
  4 giant cockroaches
  2 goblins
  6 hobgoblins
  4 jackals (D:3)
  3 quokkas
  A ball python (D:2)
  6 frilled lizards
  2 kobolds
  A leopard gecko skeleton (D:5)
  8 rats
84 creatures vanquished.

Notes
Turn   | Place    | Note
-------+----------+-------------------------------------------
     0 | D:1      | kae the Demonspawn Transmuter began the quest for the Orb.
     0 | D:1      | Reached XP level 1. HP: 15/15 MP: 3/3
   107 | D:1      | Reached skill level 2 in Transmutations
   470 | D:1      | Gained mutation: You have sharp toenails. [demonic
                  | ancestry]
   470 | D:1      | Reached XP level 2. HP: 14/21 MP: 5/5
   868 | D:2      | Learned a level 2 spell: Sticks to Snakes
   895 | D:2      | Found a glowing golden altar of the Shining One.
   995 | D:2      | Reached skill level 3 in Transmutations
  1329 | D:2      | Reached XP level 3. HP: 18/26 MP: 4/6
  1352 | D:2      | Learned a level 3 spell: Spider Form
  1908 | D:3      | Found a faded altar of an unknown god.
  1931 | D:3      | Reached skill level 4 in Transmutations
  1931 | D:3      | Gained mutation: You have sharp fingernails. [demonic
                  | ancestry]
  1931 | D:3      | Reached XP level 4. HP: 32/32 MP: 7/7
  2150 | D:3      | Gained mutation: You sometimes gain a little power by
                  | taking damage. [demonic ancestry]
  2150 | D:3      | Reached XP level 5. HP: 25/37 MP: 0/8
  2645 | D:3      | Reached skill level 5 in Transmutations
  2866 | D:4      | Noticed an ogre
  3059 | D:4      | Killed an ogre
  3059 | D:4      | Reached XP level 6. HP: 36/43 MP: 6/9
  3146 | D:4      | Reached skill level 6 in Transmutations
  3313 | D:4      | Found a shattered altar of Ashenzari.
  4114 | D:5      | Entered Level 5 of the Dungeon
  4159 | D:5      | Reached skill level 7 in Transmutations
  4161 | D:5      | Reached XP level 7. HP: 29/48 MP: 8/10
  4369 | D:5      | Found a staircase to the Ecumenical Temple.
  5088 | Temple   | Entered the Ecumenical Temple
  5183 | D:5      | Found an ornate altar of the Wu Jian Council.
  5243 | D:5      | Found Kupiem's General Store.
  5251 | D:5      | Bought a potion of agility for 48 gold pieces
  5294 | D:5      | Reached skill level 8 in Transmutations
  6037 | D:6      | Noticed Menkaure
  6048 | D:6      | Slain by Menkaure

Skill      XL: |  1  2  3  4  5  6  7 |
---------------+----------------------+-----
Transmutations | 2 3 4 5 7 8 |  8.3
Fighting       | |  1.0
Dodging        | |  1.7
Unarmed Combat | |  2.6
Spellcasting   | |  2.0

Action                   |  1- 3 |  4- 6 |  7- 9 || total
-------------------------+-------+-------+-------++-------
Melee: Unarmed           |    50 |    50 |    38 ||   138
       Kick              |    12 |    14 |    10 ||    36
       Headbutt          |    12 |       |       ||    12
       Punch             |     2 |       |     1 ||     3
       Dagger            |    45 |    62 |    37 ||   144
 Cast: Beastly Appendage |    16 |     1 |       ||    17
       Spider Form       |       |     4 |     5 ||     9
       Sticks to Snakes  |       |     3 |       ||     3
  Use: Scroll            |     5 |     5 |     3 ||    13
       Potion            |       |     5 |     1 ||     6
 Stab: Sleeping          |     2 |     2 |     1 ||     5
  Eat: Ration            |     1 |       |     1 ||     2
       Chunk             |       |     8 |     4 ||    12
Armor: Robe              |    15 |     6 |     5 ||    26
       Skin              |       |       |     2 ||     2
Dodge: Dodged            |    62 |    91 |    42 ||   195
